 Dungeon Crawl Stone Soup version 0.21-a0-55-gb612c23 (webtiles) character file.

1309 Ijustatesigmund the Conjurer (level 8, -3/55 HPs)
             Began as an Octopode Conjurer on June 14, 2017.
             Was an Initiate of Cheibriados.
             Slain by a sky beast (6 damage)
             ... on level 6 of the Dungeon.
             The game lasted 00:23:06 (5333 turns).

Ijustatesigmund the Conjurer (Octopode Conjurer)    Turns: 5333, Time: 00:23:08

Health: -3/55      AC:  1    Str: 13    XL:     8   Next: 58%
Magic:  16/16      EV: 15    Int: 22    God:    Cheibriados [......]
Gold:   166        SH:  0    Dex: 15    Spells: 9/18 levels left

rFire    . . .     SeeInvis .   d - +5 dire flail (venom)
rCold    . . .     Gourm    .   (shield currently unavailable)
rNeg     . . .     Faith    .   (helmet restricted)
rPois    .         Spirit   .   (no amulet)
rElec    .         Reflect  .   p - ring of resist corrosion
rCorr    +         Harm     .   s - +3 ring of intelligence
MR       .....                  (no ring)
Stlth    +++.......             (no ring)
HPRegen  0.18/turn              (no ring)
MPRegen  0.15/turn              (no ring)
                                (no ring)
                                (no ring)

@: mighty, very slow
A: almost no armour, stealthy swim, amphibious, 8 rings, constrict 8, camouflage
1, gelatinous body 1
a: Bend Time, Renounce Religion


You were on level 6 of the Dungeon.
You worshipped Cheibriados.
Cheibriados was noncommittal.
You were not hungry.

You visited 2 branches of the dungeon, and saw 7 of its levels.

You collected 166 gold pieces.

Inventory:

Hand Weapons
 d - a +5 dire flail of venom (weapon)
 f - a +0 mace of protection
 g - a +2 flail of crushing
 k - a +2 long sword of holy wrath
Jewellery
 p - a ring of resist corrosion (left tentacle)
 s - a +3 ring of intelligence (right tentacle)
Wands
 c - a wand of digging (18/24)
 m - a wand of flame (27/48)
Scrolls
 i - 3 scrolls of amnesia
 n - 2 scrolls of remove curse
 r - 2 scrolls of teleportation
Potions
 j - a potion of brilliance
 q - a potion of might
Books
 a - a book of Conjurations

   Spells                             Type                      Level
   a - Magic Dart                     Conjuration                  1
   b - Searing Ray                    Conjuration                  2
   c - Dazzling Spray                 Conjuration/Hexes            3
   d - Fulminant Prism                Conjuration/Hexes            4
   e - Force Lance                    Conjuration/Translocation    4
   f - Iskenderun's Mystic Blast      Conjuration                  4
 t - a book of Battle

   Spells                             Type                      Level
   a - Infusion                       Charms                       1
   b - Shroud of Golubria             Charms/Translocation         2
   c - Song of Slaying                Charms                       2
   d - Spectral Weapon                Hexes/Charms                 3
   e - Regeneration                   Charms/Necromancy            3
Comestibles
 b - 3 bread rations
 h - 5 meat rations
 l - 3 royal jellies
 u - 3 fruits


   Skills:
 - Level 5.1 Fighting
 + Level 3.5 Dodging
 - Level 2.6 Stealth
 - Level 5.5 Spellcasting
 - Level 6.0 Conjurations
 - Level 1.7 Hexes
 + Level 2.9 Invocations


You had 9 spell levels left.
You knew the following spells:

 Your Spells              Type           Power        Failure   Level  Hunger
a - Magic Dart            Conj           ####         1%          1    None
b - Searing Ray           Conj           ####..       1%          2    None
c - Dazzling Spray        Conj/Hex       ###...       6%          3    ##.....
d - Regeneration          Chrm/Necr      #.........   28%         3    ##.....


Dungeon Overview and Level Annotations

Branches:
Dungeon (6/15)             Temple (1/1) D:6

Altars:
Ashenzari
Cheibriados
Dithmenos
Elyvilon
Fedhas
Gozag
Hepliaklqana
Kikubaaqudgha
Makhleb
Nemelex Xobeh
Okawaru
Qazlal
Ru
Sif Muna
Trog
Uskayaw
Wu Jian
Xom
Yredelemnul
Zin
The Shining One


Innate Abilities, Weirdness & Mutations

You cannot wear most types of armour.
You are very stealthy in the water. (Stealth+)
You are amphibious.
You can wear up to eight rings at the same time.
You can use your tentacles to constrict eight enemies at once.
Your skin changes colour to match your surroundings (Stealth+).
Your rubbery body absorbs attacks. (AC +1, EV +1)


Message History

You are too injured to fight recklessly!
You feel very mighty all of a sudden. The sky beast barely misses you.
An adder comes into view.
You barely miss the sky beast.
The adder hisses angrily.
Your squeeze misses the sky beast.
The sky beast is heavily wounded.
The sky beast flickers out of sight!
Deactivating autopickup; reactivate with Ctrl-A.
Something hits you. Something shocks you.
* * * LOW HITPOINT WARNING * * *
You barely miss something. Something hits you.
* * * LOW HITPOINT WARNING * * *
Something shocks you.
* * * LOW HITPOINT WARNING * * *
Something hits you.
* * * LOW HITPOINT WARNING * * *
Something shocks you.
You die...

.## ..# #.# #.....(##
..# #. #.# #####.### #.#
#. #.# #.# # #.# #.# #.#
# #.# #.# #.# # #.# #.#
#.# # #)# #.#########.#
# #.#
.#.#######...........###
#.#
.....S{@...#............
#.#
##.#######...###########
#.# #.### ..## #.# <..#
#.. .#.# ### ##.# .# .#


You could see an adder.

Vanquished Creatures
  Sigmund (D:3)
  Eustachio (D:6)
  Edmund (D:4)
  Duvessa (D:4)
  Blork the orc (D:6)
  Dowan (D:4)
  2 scorpions
  2 howler monkeys (D:5)
  An orc priest (D:5)
  A hound (D:4)
  Crazy Yiuf (D:3)
  A jelly (D:5)
  Jessica (D:2)
  2 iguanas
  Natasha (thrice) (D:3)
  A worker ant (D:4)
  A hound zombie (D:5)
  4 adders
  A shadow imp (D:5)
  3 worms
  3 dart slugs (D:1)
  2 leopard geckos
  2 orcs
  3 ball pythons
  8 bats
  5 giant cockroaches
  8 goblins
  5 hobgoblins
  4 quokkas
  2 frilled lizards
  7 kobolds
  8 rats
87 creatures vanquished.

Vanquished Creatures (collateral kills)
  A bullfrog (D:5)
  A jelly (D:5)
2 creatures vanquished.

Vanquished Creatures (others)
  A giant cockroach (D:5)
1 creature vanquished.

Grand Total: 90 creatures vanquished

Notes
Turn   | Place    | Note
-------+----------+-------------------------------------------
     0 | D:1      | Ijustatesigmund the Octopode Conjurer began the quest for the Orb.
     0 | D:1      | Reached XP level 1. HP: 11/11 MP: 3/3
   136 | D:1      | Reached XP level 2. HP: 9/17 MP: 0/5
   309 | D:1      | Learned a level 2 spell: Searing Ray
   621 | D:1      | Reached XP level 3. HP: 21/21 MP: 2/7
   712 | D:1      | Learned a level 3 spell: Dazzling Spray
  1437 | D:2      | Noticed Jessica
  1439 | D:2      | Killed Jessica
  1439 | D:2      | Reached skill level 1 in Fighting
  1439 | D:2      | Reached skill level 1 in Hexes
  1439 | D:2      | Reached XP level 4. HP: 28/28 MP: 4/8
  2235 | D:3      | Noticed Sigmund
  2248 | D:3      | Killed Sigmund
  2248 | D:3      | Reached skill level 6 in Conjurations
  2248 | D:3      | Reached XP level 5. HP: 28/34 MP: 3/9
  2248 | D:3      | Reached XP level 6. HP: 32/39 MP: 3/10
  2339 | D:3      | Found a runed door.
  2343 | D:3      | Noticed Crazy Yiuf
  2349 | D:3      | Killed Crazy Yiuf
  2574 | D:3      | Noticed Natasha
  2581 | D:3      | Killed Natasha
  2659 | D:3      | Noticed Natasha
  2666 | D:3      | Killed Natasha
  2788 | D:4      | Noticed Duvessa
  2788 | D:4      | Noticed Dowan
  2820 | D:3      | Noticed Natasha
  2827 | D:3      | Killed Natasha
  2946 | D:4      | Found a bloodstained altar of Trog.
  3028 | D:4      | Found a basalt altar of Yredelemnul.
  3030 | D:4      | Found a snail-covered altar of Cheibriados.
  3067 | D:4      | Found a glowing silver altar of Zin.
  3116 | D:4      | Killed Duvessa
  3116 | D:4      | Reached XP level 7. HP: 42/46 MP: 6/13
  3125 | D:4      | Killed Dowan
  3442 | D:4      | Noticed Edmund
  3453 | D:4      | Killed Edmund
  3838 | D:5      | Entered Level 5 of the Dungeon
  3947 | D:5      | Reached skill level 5 in Spellcasting
  3959 | D:5      | Reached XP level 8. HP: 35/54 MP: 0/15
  4097 | D:5      | Reached skill level 5 in Fighting
  4214 | D:5      | Found a sparkling altar of Nemelex Xobeh.
  4282 | D:5      | Found a shadowy altar of Dithmenos.
  4342 | D:5      | Found a sacrificial altar of Ru.
  4528 | D:6      | Found a staircase to the Ecumenical Temple.
  4536 | Temple   | Entered the Ecumenical Temple
  4671 | D:4      | Became a worshipper of Cheibriados the Contemplative
  4745 | D:5      | Reached skill level 1 in Invocations
  4791 | D:6      | Got a polished dagger
  4792 | D:6      | Identified the cursed +1 dagger "Vyrghue" {speed, Int+2} (You found it on level 6 of the Dungeon)
  4818 | D:6      | Noticed Eustachio
  4838 | D:6      | Killed Eustachio
  4906 | D:6      | Noticed Blork the orc
  4925 | D:6      | Killed Blork the orc
  4936 | D:6      | HP: 2/55 [poisoned by Blork the orc]
  4963 | D:6      | Learned a level 3 spell: Regeneration
  4963 | D:6      | HP: 2/55 [poisoned by Blork the orc]
  5333 | D:6      | Slain by a sky beast

Vault maps used:
D:1:      mrwooster_arrival_statue_2
D:2:      kennysheep_generic_room_8, uniq_jessica
D:3:      uniq_natasha, uniq_sigmund, uniq_crazy_yiuf_cottage
D:4:      grunt_temple_overflow_open, bloody_trog, uniq_duvessa, uniq_edmund
D:5:      nicolae_dithmenos_through_a_glass_darkly, nicolae_ru_path_of_blood,
          first_bread, nemelex_altar_shiori
D:6:      minmay_temple_entry_statues_pillars, uniq_blork_the_orc, uniq_pikel,
          uniq_eustachio
Temple:   regret_index_temple_waves

Skill      XL: |  1  2  3  4  5  6  7  8 |
---------------+-------------------------+-----
Spellcasting   | 3 4 5 |  5.5
Fighting       | 1 3 4 5 |  5.1
Hexes          | 1 |  1.7
Conjurations   | 6 |  6.0
Invocations    | 2 |  2.9
Dodging        | 3 |  3.5
Stealth        | |  2.6

Action                   |  1- 3 |  4- 6 |  7- 9 || total
-------------------------+-------+-------+-------++-------
Melee: Dagger            |     7 |       |       ||     7
       Tentacles         |     4 |     5 |     7 ||    16
       Constrict         |     7 |     6 |     5 ||    18
       Unarmed           |     1 |       |       ||     1
       Mace              |    12 |    35 |    10 ||    57
       Flail             |       |       |    12 ||    12
       Dire flail        |       |       |     9 ||     9
 Cast: Magic Dart        |    58 |    55 |    72 ||   185
       Searing Ray       |     1 |     4 |     7 ||    12
       Regeneration      |       |       |     1 ||     1
  Use: Scroll            |     5 |     4 |     4 ||    13
       Potion            |       |     4 |     5 ||     9
 Stab: Sleeping          |     2 |     3 |       ||     5
  Eat: Chunk             |     2 |     4 |     4 ||    10
       Fruit             |       |     2 |       ||     2
       Royal jelly       |       |       |     1 ||     1
Armor: Skin              |     5 |     7 |     2 ||    14
Dodge: Dodged            |    11 |    23 |    40 ||    74
